Map: Magannatha LE

Players

mares

  • Race: Protoss Protoss
  • Spawn Location: 5:00

A.I. 1 (Very Easy) - Winner!

  • Race: Terran Terran
  • Spawn Location: 11:00

VOD

Have the link to the VOD?

Description

Time

  • Played on: June 12, 2025, 2:41 a.m.
  • Length: 5:04
Show
View Real Time Build Order
Export as new Build Order

mares Protoss 

Build Orders: 1 Gate Expand, Dark Templar Rush 

Get SALT Encoding   

  6  0:00  Probe  
  13  0:12  Probe  
  14  0:17  Pylon  
  14  0:24  Probe  
  15  0:29  Assimilator  
  15  0:36  Probe  
  15  0:41  Gateway  
  16  0:46  Probe  
  17  0:54  Probe  
  17  1:03  Probe  
  19  1:15  Probe  
  20  1:28  Nexus  
  20  1:38  Cybernetics Core  
  20  1:42  Probe  
  21  1:47  Assimilator  
  21  1:54  Probe  
  21  1:57  Pylon  
  22  2:04  Stalker  
  22  2:06  Probe  
  23  2:17  Warp Gate  
  25  2:23  Twilight Council  
  25  2:27  Probe  
  26  2:32  Sentry  
  28  2:39  Probe  
  28  2:40  Pylon  
  28  2:43  Probe  
  30  2:54  Probe  
  30  2:55  Probe  
  32  2:58  Robotics Facility  
  32  3:07  Probe  
  32  3:09  Probe  
  34  3:13  Dark Shrine  
  34  3:19  Stalker  
  34  3:20  Probe  
  37  3:28  Gateway  
  37  3:31  Probe  
  37  3:33  Assimilator  
  38  3:36  Assimilator  
  38  3:37  Warp Prism  
  40  3:51  Probe  
  40  3:55  Probe  
  42  4:04  Gateway  
  42  4:06  Gateway  
  42  4:10  Probe  
  42  4:16  Pylon  
  43  4:26  Dark Templar  
  43  4:27  Dark Templar  
  47  4:43  Probe  
  47  4:44  Probe  
  49  4:48  Forge  
  49  4:57  Pylon  
  49  4:58  Dark Templar  
  49  4:59  Dark Templar  
Show
View Real Time Build Order
Export as new Build Order

A.I. 1 (Very Easy) Terran - Winner!

Build Orders:  

Get SALT Encoding   

  6  0:00  SCV  
  13  0:13  SCV  
  14  0:18  Supply Depot  
  14  0:37  Refinery  
  14  0:42  Barracks  
  14  1:04  Supply Depot  
  14  1:11  Refinery  
  14  1:29  SCV  
  14  1:30  Marine  
  16  1:42  SCV  
  17  1:54  SCV  
  18  2:05  Marine  
  18  2:06  SCV  
  20  2:18  SCV  
  21  2:30  SCV  
  22  2:41  Marine  
  22  2:42  Orbital Command  
  21  4:38  Marine  
  21  4:40  SCV  
  20  4:52  SCV  
Tags
 
Add a new tag
Caveats
  • Supply blocks, unpowered buildings, or Contaminate may cause inaccurate times.
  • Supply counts are checked every 10 seconds.